[Event "44th Chess Olympiad Women 2022"]
[Site "Chennai"]
[Date "2022.08.02"]
[Round "5.5"]
[White "Forgas Moreno, Yaniela"]
[Black "Nakhbayeva, Guliskhan"]
[Result "0-1"]
[ECO "A03"]
[WhiteElo "2343"]
[BlackElo "2329"]
[Annotator "RC"]
[PlyCount "90"]
[EventDate "2022.07.29"]
[EventType "team-tourn"]
[EventCountry "IND"]
[SourceTitle "playchess.com"]
[Source "ChessBase"]
[SourceQuality "1"]
[WhiteTeam "Cuba"]
[BlackTeam "Kazakhstan"]
[WhiteTeamCountry "CUB"]
[BlackTeamCountry "KAZ"]
[TimeControl "40/5400+30:1800+30"]

1. d3 d5 2. f4 Nf6 3. Nf3 g6 4. g3 Bg7 5. Bg2 O-O 6. O-O c5 7. c3 Nc6 8. Na3 Rb8 9. Nc2 b6 10. Qe1 d4 11. c4 Bb7 12. b4 b5 13. cxb5 Nxb4 14. Nxb4 cxb4 15. Qxb4 Nd5 16. Qb2 Ne3 17. Bxe3 Bxf3 18. Bf2 Bxg2 19. Kxg2 Qd5+ 20. Kg1 Rxb5 21. Qc2 h5 22. Rfc1 Rfb8 23. Rab1 Bf6 24. Rxb5 Qxb5 25. a4 Qb4 26. Qa2 Qd6 27. Rc4 h4 28. Qc2 h3 29. Rc8+ Kg7 30. Rxb8 Qxb8 31. e4 dxe3 32. Bxe3 Qb4 33. Kf2 a5 34. Qd1 Qb2+ 35. Qd2 Qa1 36. Bb6 Bc3 37. Qc2 Qe1+ 38. Kf3 Qf1+ 39. Ke3 Qe1+ 40. Kf3 Bd2 41. Bf2 Qh1+ 42. Kg4 f5+ 43. Kh4 Qf3 44. Bd4+ Kh6 45. Kxh3 Qf1+ 0-1

[Event "44th Chess Olympiad Women 2022"]
[Site "Chennai"]
[Date "2022.08.02"]
[Round "5.5"]
[White "Balabayeva, Xeniya"]
[Black "Arribas Robaina, Maritza"]
[Result "1/2-1/2"]
[ECO "C02"]
[WhiteElo "2198"]
[BlackElo "2239"]
[Annotator "NA RC"]
[PlyCount "89"]
[EventDate "2022.07.29"]
[EventType "team-tourn"]
[EventCountry "IND"]
[SourceTitle "playchess.com"]
[Source "ChessBase"]
[SourceQuality "1"]
[WhiteTeam "Kazakhstan"]
[BlackTeam "Cuba"]
[WhiteTeamCountry "KAZ"]
[BlackTeamCountry "CUB"]
[TimeControl "40/5400+30:1800+30"]

1. e4 e6 2. d4 d5 3. e5 c5 4. c3 Nc6 5. Nf3 Bd7 6. Bd3 Qb6 7. O-O cxd4 8. Re1 Rc8 9. a3 Nge7 10. h4 h6 11. h5 a6 12. b4 dxc3 13. Nxc3 Nd4 14. Bb2 Nxf3+ 15. Qxf3 Nc6 16. Qg3 Na5 17. Ne2 Nc4 18. Bd4 Qd8 19. f4 Bc6 20. Bxc4 dxc4 21. Rad1 Qc7 22. Nc3 b5 23. Qg4 Rd8 24. f5 Qc8 25. Qg3 Qb7 26. fxe6 fxe6 27. Rf1 Be4 28. Nxe4 Qxe4 29. Rf4 Qc2 30. Qg4 Be7 31. Rff1 Rf8 32. Rxf8+ Kxf8 33. Rf1+ Ke8 34. Bb6 Rd2 35. Bc5 Bxc5+ 36. bxc5 Kd7 37. Rf7+ Kc6 38. Qxe6+ Kxc5 39. Qe7+ Kd4 40. Qd6+ Kc3 41. Qb4+ Kd3 42. Qd6+ Kc3 43. Qb4+ Kd3 44. Qd6+ Kc3 45. Qb4+ 1/2-1/2

[Event "44th Chess Olympiad Women 2022"]
[Site "Chennai"]
[Date "2022.08.02"]
[Round "5.6"]
[White "Paehtz, Elisabeth"]
[Black "Enkhtuul, Altan-Ulzii"]
[Result "1/2-1/2"]
[ECO "B07"]
[WhiteElo "2484"]
[BlackElo "2267"]
[Annotator "RC"]
[PlyCount "108"]
[EventDate "2022.07.29"]
[EventType "team-tourn"]
[EventCountry "IND"]
[SourceTitle "playchess.com"]
[Source "ChessBase"]
[SourceQuality "1"]
[WhiteTeam "Germany"]
[BlackTeam "Mongolia"]
[WhiteTeamCountry "GER"]
[BlackTeamCountry "MGL"]
[TimeControl "40/5400+30:1800+30"]

1. e4 d6 2. d4 Nf6 3. Bd3 g6 4. Nf3 c6 5. O-O Bg7 6. c3 O-O 7. Re1 Bg4 8. Nbd2 e5 9. h3 Bxf3 10. Nxf3 Nbd7 11. Bg5 Qc7 12. Qd2 Rfe8 13. Rad1 Nf8 14. Qc2 Ne6 15. Be3 Nh5 16. Bf1 b6 17. Rd2 Rad8 18. Red1 Nf6 19. dxe5 dxe5 20. Rxd8 Rxd8 21. Rxd8+ Nxd8 22. a4 Nb7 23. Qd3 Bf8 24. Nd2 Nc5 25. Qc2 Nb7 26. b4 c5 27. b5 Nd6 28. f3 Nh5 29. Bc4 Kg7 30. Qd3 Nf4 31. Bxf4 exf4 32. Qd5 Qe7 33. Kf1 h5 34. Bd3 Qe6 35. Qxe6 fxe6 36. Ke2 Kf6 37. e5+ Kxe5 38. Bxg6 h4 39. Kd3 Bg7 40. Be4 Bf6 41. c4 Nf7 42. Bg6 Nd6 43. Nb3 Nf5 44. Bxf5 exf5 45. a5 Kd6 46. a6 Bd8 47. Kc3 Bf6+ 48. Kc2 Kc7 49. Kd2 Be5 50. Nc1 Kd6 51. Nd3 Ke6 52. Nc1 Kd6 53. Ne2 Ke6 54. Kd3 Kd6 1/2-1/2

[Event "44th Chess Olympiad Women 2022"]
[Site "Chennai"]
[Date "2022.08.02"]
[Round "5.6"]
[White "Wagner, Dinara"]
[Black "Mungunzul, Bat-Erdene"]
[Result "1-0"]
[ECO "D11"]
[WhiteElo "2341"]
[BlackElo "2163"]
[Annotator "RC"]
[PlyCount "107"]
[EventDate "2022.07.29"]
[EventType "team-tourn"]
[EventCountry "IND"]
[SourceTitle "playchess.com"]
[Source "ChessBase"]
[SourceQuality "1"]
[WhiteTeam "Germany"]
[BlackTeam "Mongolia"]
[WhiteTeamCountry "GER"]
[BlackTeamCountry "MGL"]
[TimeControl "40/5400+30:1800+30"]

1. d4 d5 2. c4 c6 3. Nf3 Nf6 4. e3 a6 5. Nbd2 Bf5 6. Nh4 Be4 7. Qb3 Ra7 8. Nxe4 Nxe4 9. Nf3 e6 10. Bd3 Qa5+ 11. Nd2 f5 12. f3 Nf6 13. O-O Bb4 14. Qc2 O-O 15. e4 dxe4 16. fxe4 Bxd2 17. Bxd2 Qb6 18. Bc3 fxe4 19. Bxe4 Nbd7 20. Qe2 Raa8 21. Bc2 Rae8 22. Kh1 Kh8 23. Rae1 Qc7 24. Qd3 Rf7 25. Qh3 Nf8 26. Rf3 Ng8 27. Rfe3 Qf4 28. Bd3 Nh6 29. Rf3 Qg5 30. Rg3 Qf4 31. Rf3 Qg5 32. Rg3 Qf4 33. Qh5 Ree7 34. Bb4 Qf2 35. Qd1 Re8 36. Bc3 Qf4 37. d5 e5 38. Bd2 Qf6 39. Bg5 Qd6 40. Qh5 Qd7 41. Bxh6 gxh6 42. Rxe5 Ng6 43. Rxe8+ Qxe8 44. h3 Nf4 45. Qg4 h5 46. Qg5 Nxd3 47. Rxd3 Rg7 48. Qf4 Qe2 49. Rd2 Qe1+ 50. Kh2 cxd5 51. cxd5 h4 52. Rf2 Qd1 53. Qb8+ Rg8 54. Qe5+ 1-0

[Event "44th Chess Olympiad Women 2022"]
[Site "Chennai"]
[Date "2022.08.02"]
[Round "5.6"]
[White "Munkhzul, Turmunkh"]
[Black "Heinemann, Josefine"]
[Result "1/2-1/2"]
[ECO "C68"]
[WhiteElo "2277"]
[BlackElo "2321"]
[Annotator "RC"]
[PlyCount "88"]
[EventDate "2022.07.29"]
[EventType "team-tourn"]
[EventCountry "IND"]
[SourceTitle "playchess.com"]
[Source "ChessBase"]
[SourceQuality "1"]
[WhiteTeam "Mongolia"]
[BlackTeam "Germany"]
[WhiteTeamCountry "MGL"]
[BlackTeamCountry "GER"]
[TimeControl "40/5400+30:1800+30"]

1. e4 e5 2. Nf3 Nc6 3. Bb5 a6 4. Bxc6 dxc6 5. d4 exd4 6. Qxd4 Qxd4 7. Nxd4 Bd7 8. Be3 O-O-O 9. Nc3 Ne7 10. O-O-O Ng6 11. f3 h5 12. h4 Bb4 13. Nce2 Be7 14. Bf2 c5 15. Nf5 Bf6 16. Ne3 Bc6 17. Nf5 Bd7 18. Ne3 Bc6 19. Rxd8+ Kxd8 20. Bg3 b6 21. Nf4 Nxf4 22. Bxf4 Kc8 23. Bg5 Be5 24. Nc4 Bg3 25. Rh3 Bf2 26. Be3 Bxe3+ 27. Nxe3 Re8 28. Kd2 a5 29. Rg3 g6 30. Rg5 Kb7 31. g4 hxg4 32. Rxg4 Bd7 33. Rg1 Rh8 34. Rh1 a4 35. a3 Be6 36. Ng2 f6 37. Ke3 Kc6 38. Rg1 Bf7 39. Rd1 b5 40. Ra1 Kd6 41. Kf4 Ke7 42. Ke3 Kd6 43. Rd1+ Kc6 44. Ra1 Kd6 1/2-1/2

[Event "44th Chess Olympiad Women 2022"]
[Site "Chennai"]
[Date "2022.08.02"]
[Round "5.6"]
[White "Munkhzul, Davaakhuu"]
[Black "Schneider, Jana"]
[Result "0-1"]
[ECO "C95"]
[WhiteElo "2095"]
[BlackElo "2342"]
[Annotator "RC"]
[PlyCount "104"]
[EventDate "2022.07.29"]
[EventType "team-tourn"]
[EventCountry "IND"]
[SourceTitle "playchess.com"]
[Source "ChessBase"]
[SourceQuality "1"]
[WhiteTeam "Mongolia"]
[BlackTeam "Germany"]
[WhiteTeamCountry "MGL"]
[BlackTeamCountry "GER"]
[TimeControl "40/5400+30:1800+30"]

1. e4 e5 2. Nf3 Nc6 3. Bb5 a6 4. Ba4 Nf6 5. O-O Be7 6. Re1 b5 7. Bb3 d6 8. c3 O-O 9. h3 Nb8 10. d4 Nbd7 11. Nbd2 Bb7 12. Bc2 Re8 13. Nf1 Bf8 14. Ng3 g6 15. a4 c5 16. d5 c4 17. Bg5 Qc7 18. Qd2 Reb8 19. Bh6 Bxh6 20. Qxh6 Qd8 21. Nh2 Bc8 22. Re3 Qf8 23. Qh4 Kh8 24. f4 Ng8 25. fxe5 Nxe5 26. Rf1 bxa4 27. Bxa4 Rxb2 28. Ne2 Ra2 29. Bc6 Rb8 30. Nf3 Qh6 31. Qxh6 Nxh6 32. Nxe5 dxe5 33. g4 g5 34. Rd1 Rbb2 35. Kf1 Bb7 36. Nc1 Ra1 37. Be8 Ba8 38. Bc6 Rb8 39. Bxa8 Rxa8 40. Re2 Ng8 41. Rf2 Kg7 42. Rf5 f6 43. Rf2 Rb8 44. Rfd2 Rbb1 45. d6 Rxc1 46. Rxc1 Rxc1+ 47. Ke2 Nh6 48. d7 Nf7 49. Ra2 Rxc3 50. Rxa6 Rxh3 51. Rc6 Rd3 52. Rc7 Nd8 0-1

[Event "44th Chess Olympiad Women 2022"]
[Site "Chennai"]
[Date "2022.08.02"]
[Round "5.7"]
[White "Yip, Carissa"]
[Black "Paredes Bustamante, Paula Elizab"]
[Result "0-1"]
[ECO "C67"]
[WhiteElo "2416"]
[BlackElo "2162"]
[Annotator "RC"]
[PlyCount "122"]
[EventDate "2022.07.29"]
[EventType "team-tourn"]
[EventCountry "IND"]
[SourceTitle "playchess.com"]
[Source "ChessBase"]
[SourceQuality "1"]
[WhiteTeam "United States"]
[BlackTeam "Peru"]
[WhiteTeamCountry "USA"]
[BlackTeamCountry "PER"]
[TimeControl "40/5400+30:1800+30"]

1. e4 e5 2. Nf3 Nc6 3. Bb5 Nf6 4. O-O Nxe4 5. d4 Nd6 6. dxe5 Nxb5 7. a4 d6 8. e6 Bxe6 9. axb5 Ne7 10. Nd4 g6 11. Re1 Qd7 12. Qf3 Bg7 13. Nxe6 fxe6 14. Nc3 d5 15. Bg5 Rf8 16. Qh3 h6 17. Bxe7 Kxe7 18. Rad1 Rf5 19. Ne4 Qxb5 20. c4 Qxc4 21. Rc1 Qd4 22. Ng3 Qxf2+ 23. Kh1 Rf6 24. Rf1 Qb6 25. Rxf6 Bxf6 26. Qxh6 Rh8 27. Qxg6 Qxb2 28. Re1 Rf8 29. Qf5 Be5 30. Qg4 Qd4 31. Qg6 Kd6 32. Nf1 Qh4 33. Ng3 Qf6 34. Qd3 Bxg3 35. Qxg3+ Qf4 36. Qa3+ c5 37. h3 Qb4 38. Qg3+ Qf4 39. Qg7 Qf7 40. Qa1 b6 41. Qe5+ Kc6 42. Qg5 Qf6 43. Qg4 Kd6 44. Qa4 Qg7 45. Qh4 e5 46. Ra1 e4 47. Rd1 e3 48. Re1 d4 49. Qe4 Qe5 50. Qb7 Qg3 51. Rg1 Rh8 52. Rb1 e2 53. Rxb6+ axb6 54. Qxb6+ Kd5 55. Qb7+ Kc4 56. Qa6+ Kc3 57. Qa3+ Kd2 58. Qb2+ Ke3 59. Qb3+ Kf2 60. Qf7+ Ke1 61. Qa2 Kf1 0-1

[Event "44th Chess Olympiad Women 2022"]
[Site "Chennai"]
[Date "2022.08.02"]
[Round "5.7"]
[White "Tokhirjonova, Gulrukhbegim"]
[Black "Cori T., Deysi"]
[Result "1-0"]
[ECO "A13"]
[WhiteElo "2329"]
[BlackElo "2371"]
[Annotator "RC"]
[PlyCount "117"]
[EventDate "2022.07.29"]
[EventType "team-tourn"]
[EventCountry "IND"]
[SourceTitle "playchess.com"]
[Source "ChessBase"]
[SourceQuality "1"]
[WhiteTeam "United States"]
[BlackTeam "Peru"]
[WhiteTeamCountry "USA"]
[BlackTeamCountry "PER"]
[TimeControl "40/5400+30:1800+30"]

1. Nf3 Nf6 2. c4 e6 3. b3 d5 4. e3 Bd6 5. Bb2 O-O 6. Be2 Nbd7 7. Nc3 a6 8. O-O Qe7 9. d4 b6 10. cxd5 exd5 11. Rc1 Bb7 12. Qc2 Rfe8 13. h3 Rac8 14. Rfd1 g6 15. Bd3 Ne4 16. Qe2 b5 17. Bb1 f6 18. Ne1 Ng5 19. Nd3 Qe6 20. Qg4 Qf7 21. Nf4 Nf8 22. h4 h5 23. Qg3 Nge6 24. Bxg6 Nxg6 25. Qxg6+ Qxg6 26. Nxg6 Kf7 27. Nf4 Nxf4 28. exf4 Bxf4 29. Rc2 c5 30. g3 Bd6 31. dxc5 Rxc5 32. Rcd2 Be5 33. Ne2 Rec8 34. Bd4 Rc2 35. f3 b4 36. Kf2 a5 37. f4 Bd6 38. Be3 Ba6 39. Nd4 Rxd2+ 40. Rxd2 Rc1 41. Nf5 Bf8 42. Bb6 Rf1+ 43. Kg2 Rc1 44. Ne3 Ke6 45. f5+ Kd7 46. Rxd5+ Kc6 47. Bd4 Bh6 48. Rxa5 Bd3 49. Kf2 Rh1 50. Nd5 Be4 51. Nxf6 Rh2+ 52. Kg1 Rh1+ 53. Kf2 Rh2+ 54. Kf1 Bf3 55. Nxh5 Rc2 56. Nf4 Bf8 57. Ra8 Bd6 58. Rc8+ Bc7 59. Be5 1-0

[Event "44th Chess Olympiad Women 2022"]
[Site "Chennai"]
[Date "2022.08.02"]
[Round "5.7"]
[White "Chumpitaz, Ann"]
[Black "Krush, Irina"]
[Result "1-0"]
[ECO "B62"]
[WhiteElo "2278"]
[BlackElo "2430"]
[Annotator "RC"]
[PlyCount "47"]
[EventDate "2022.07.29"]
[EventType "team-tourn"]
[EventCountry "IND"]
[SourceTitle "playchess.com"]
[Source "ChessBase"]
[SourceQuality "1"]
[WhiteTeam "Peru"]
[BlackTeam "United States"]
[WhiteTeamCountry "PER"]
[BlackTeamCountry "USA"]
[TimeControl "40/5400+30:1800+30"]

1. e4 c5 2. Nf3 d6 3. d4 cxd4 4. Nxd4 Nf6 5. Nc3 Bd7 6. Bg5 e6 7. Qd3 a6 8. f4 Nc6 9. O-O-O b5 10. e5 dxe5 11. Nxc6 Bxc6 12. Qg3 Qa5 13. fxe5 b4 14. exf6 bxc3 15. Bc4 Rg8 16. Bf4 Ba3 17. Bc7 Bxb2+ 18. Kb1 Qb4 19. Bb3 a5 20. Rd6 a4 21. Rhd1 gxf6 22. Qxg8+ Ke7 23. Rxe6+ fxe6 24. Qxe6+ 1-0

[Event "44th Chess Olympiad Women 2022"]
[Site "Chennai"]
[Date "2022.08.02"]
[Round "5.7"]
[White "Bravo Mallco, Kate Azumi"]
[Black "Abrahamyan, Tatev"]
[Result "1/2-1/2"]
[ECO "C10"]
[WhiteElo "1958"]
[BlackElo "2291"]
[Annotator "RC"]
[PlyCount "128"]
[EventDate "2022.07.29"]
[EventType "team-tourn"]
[EventCountry "IND"]
[SourceTitle "playchess.com"]
[Source "ChessBase"]
[SourceQuality "1"]
[WhiteTeam "Peru"]
[BlackTeam "United States"]
[WhiteTeamCountry "PER"]
[BlackTeamCountry "USA"]
[TimeControl "40/5400+30:1800+30"]

1. e4 e6 2. d4 d5 3. Nc3 Nc6 4. Nf3 Nf6 5. Bd3 Nb4 6. exd5 Nxd3+ 7. Qxd3 exd5 8. O-O Be7 9. Ne5 O-O 10. h3 c6 11. Re1 Qc7 12. Bg5 Be6 13. Re2 Rae8 14. Rae1 Nh5 15. Bc1 Bd6 16. Qf3 Nf6 17. Nd3 Qb6 18. Bf4 Be7 19. Be3 Nd7 20. Nb1 Nf6 21. Nd2 Bd6 22. Bf4 Bxf4 23. Qxf4 Bd7 24. Rxe8 Rxe8 25. Rxe8+ Bxe8 26. a3 h6 27. Qe5 Qd8 28. Nc5 Qc8 29. Nd3 b6 30. Qe7 Qd7 31. Qe3 Kf8 32. b4 Qe7 33. Ne5 Ng8 34. Nf1 f6 35. Qf4 Qe6 36. Ne3 Ne7 37. Nd3 Ng6 38. Qb8 Qd7 39. a4 Ne7 40. a5 Nc8 41. Kf1 Ke7 42. Ke2 Kd8 43. h4 Qe7 44. axb6 axb6 45. Kd1 Bg6 46. Nf4 Be4 47. c3 g5 48. Ne2 gxh4 49. Qf4 Nd6 50. Qxh4 Nb5 51. Kd2 Na3 52. Qf4 Kc8 53. Qxh6 Nb1+ 54. Kc1 Kb7 55. Kb2 Ka6 56. Ng3 Bd3 57. Ngf5 Bxf5 58. Nxf5 Qe4 59. Nd6 Qe1 60. Qe3 Qd1 61. Qe7 Qd2+ 62. Kxb1 Qd1+ 63. Kb2 Qd2+ 64. Kb1 Qd1+ 1/2-1/2

[Event "44th Chess Olympiad Women 2022"]
[Site "Chennai"]
[Date "2022.08.02"]
[Round "5.8"]
[White "Sukandar, Irine Kharisma"]
[Black "Danielian, Elina"]
[Result "1/2-1/2"]
[ECO "B45"]
[WhiteElo "2373"]
[BlackElo "2441"]
[Annotator "RC"]
[PlyCount "114"]
[EventDate "2022.07.29"]
[EventType "team-tourn"]
[EventCountry "IND"]
[SourceTitle "playchess.com"]
[Source "ChessBase"]
[SourceQuality "1"]
[WhiteTeam "Indonesia"]
[BlackTeam "Armenia"]
[WhiteTeamCountry "INA"]
[BlackTeamCountry "ARM"]
[TimeControl "40/5400+30:1800+30"]

1. e4 c5 2. Nf3 e6 3. d4 cxd4 4. Nxd4 Nc6 5. Nc3 Nf6 6. Ndb5 Bb4 7. a3 Bxc3+ 8. Nxc3 d5 9. exd5 exd5 10. Be2 d4 11. Nb1 O-O 12. O-O Bf5 13. b4 Re8 14. Bb2 Qb6 15. Bd3 Bg4 16. f3 Bh5 17. Nd2 Rad8 18. Re1 Ne5 19. Rxe5 Rxe5 20. Nc4 Qc7 21. Nxe5 Qxe5 22. Qe1 Qf4 23. Qg3 Nd5 24. Re1 Bg6 25. Qxf4 Nxf4 26. Bxd4 Nxd3 27. cxd3 h5 28. Bxa7 Ra8 29. Bc5 Bxd3 30. h4 b5 31. Ra1 f6 32. Kf2 Kf7 33. Ke3 Bc2 34. Kf4 Re8 35. g4 g6 36. gxh5 gxh5 37. Be3 Rc8 38. Bd4 Rd8 39. Ke3 Re8+ 40. Kd2 Bb3 41. Rc1 Rd8 42. Rc7+ Ke6 43. Ke3 Bd1 44. Rb7 Ba4 45. Rh7 Rd5 46. Rh6 Rf5 47. f4 Bb3 48. Bc5 Bc2 49. Rh8 Rd5 50. Re8+ Kf5 51. Bd4 Rd6 52. Rf8 Re6+ 53. Kd2 Ba4 54. Kd3 Rd6 55. Ke3 Re6+ 56. Kd3 Rd6 57. Ke3 Re6+ 1/2-1/2

[Event "44th Chess Olympiad Women 2022"]
[Site "Chennai"]
[Date "2022.08.02"]
[Round "5.8"]
[White "Mkrtchian, Lilit"]
[Black "Aulia, Medina Warda"]
[Result "1/2-1/2"]
[ECO "A07"]
[WhiteElo "2362"]
[BlackElo "2374"]
[Annotator "RC"]
[PlyCount "128"]
[EventDate "2022.07.29"]
[EventType "team-tourn"]
[EventCountry "IND"]
[SourceTitle "playchess.com"]
[Source "ChessBase"]
[SourceQuality "1"]
[WhiteTeam "Armenia"]
[BlackTeam "Indonesia"]
[WhiteTeamCountry "ARM"]
[BlackTeamCountry "INA"]
[TimeControl "40/5400+30:1800+30"]

1. Nf3 Nf6 2. g3 e6 3. Bg2 d5 4. O-O Nbd7 5. d3 Be7 6. Nbd2 b6 7. e4 Bb7 8. Qe2 h5 9. h3 c5 10. e5 Ng8 11. c4 Nf8 12. d4 Qd7 13. Rd1 h4 14. g4 Ng6 15. Nb1 Ba6 16. b3 cxd4 17. Nxd4 Bc5 18. Nc3 N8e7 19. Qe1 O-O 20. cxd5 exd5 21. a3 Rac8 22. b4 Bxd4 23. Rxd4 Qc7 24. Nxd5 Nxd5 25. Bxd5 Nxe5 26. Bf4 Rfe8 27. Qd1 Qc3 28. Bxe5 Rxe5 29. Bg2 g6 30. Rd8+ Rxd8 31. Qxd8+ Kg7 32. Qd1 Re2 33. Bf1 Rd2 34. Qc1 Qxc1 35. Rxc1 Bxf1 36. Kxf1 Rd3 37. a4 Ra3 38. a5 bxa5 39. b5 Rb3 40. Rc7 Rxb5 41. Rxa7 Kf6 42. f4 Rb1+ 43. Kf2 Ra1 44. Kf3 a4 45. g5+ Kg7 46. Kg4 a3 47. Kxh4 a2 48. Ra8 Kh7 49. Ra7 Kg8 50. Ra8+ Kg7 51. Ra7 Kf8 52. Ra8+ Kg7 53. Ra7 Kg8 54. Ra8+ Kh7 55. Ra6 Kg7 56. Ra7 Kf8 57. Ra8+ Ke7 58. Ra7+ Ke6 59. Ra6+ Kd5 60. Ra5+ Kc4 61. Ra7 Kd5 62. Ra5+ Ke4 63. Ra4+ Ke3 64. Ra3+ Ke4 1/2-1/2

[Event "44th Chess Olympiad Women 2022"]
[Site "Chennai"]
[Date "2022.08.02"]
[Round "5.8"]
[White "Mkrtchyan, Mariam"]
[Black "Citra, Dewi Ardhiani Anasta"]
[Result "1-0"]
[ECO "D07"]
[WhiteElo "2285"]
[BlackElo "2257"]
[Annotator "NA RC"]
[PlyCount "116"]
[EventDate "2022.07.29"]
[EventType "team-tourn"]
[EventCountry "IND"]
[SourceTitle "playchess.com"]
[Source "ChessBase"]
[SourceQuality "1"]
[WhiteTeam "Armenia"]
[BlackTeam "Indonesia"]
[WhiteTeamCountry "ARM"]
[BlackTeamCountry "INA"]
[TimeControl "40/5400+30:1800+30"]

1. d4 d5 2. c4 Nc6 3. Nc3 Nf6 4. Nf3 Bf5 5. cxd5 Nxd5 6. Qb3 e6 7. e4 Nxc3 8. exf5 Nd5 9. Bd2 Bd6 10. fxe6 fxe6 11. Qxb7 Ndb4 12. Qb5 O-O 13. Qc4 Qe8 14. Rc1 Rb8 15. a3 Na5 16. Qc3 Na2 17. Qxa5 Nxc1 18. Bxc1 Qc6 19. Bd2 Qe4+ 20. Be2 Rxb2 21. Kf1 Bf4 22. Qc3 Qb1+ 23. Be1 Rb3 24. Qc4 Rxa3 25. Qxe6+ Kh8 26. g3 Bd6 27. Kg2 Qf5 28. Qxf5 Rxf5 29. Bd2 Rf8 30. Be3 Ra2 31. Bc4 Ra4 32. Rc1 h6 33. Ne5 Kh7 34. h4 Rb4 35. g4 Re8 36. Bf7 Re7 37. Bg6+ Kg8 38. Nc6 Re6 39. Bf5 Rxe3 40. fxe3 Rb2+ 41. Kf3 Kf7 42. Nxa7 g6 43. Bc2 Ba3 44. Be4 Bd6 45. Nc8 Bh2 46. Rc2 Rxc2 47. Bxc2 Bg1 48. Na7 g5 49. h5 Ke6 50. Nb5 Kd7 51. Nc3 Ke6 52. Bb3+ Kd7 53. Ke4 c6 54. Ba4 Kd6 55. Kd3 Bh2 56. e4 c5 57. e5+ Bxe5 58. Ne4+ Kd5 1-0

[Event "44th Chess Olympiad Women 2022"]
[Site "Chennai"]
[Date "2022.08.02"]
[Round "5.8"]
[White "Mariroh, Fariha"]
[Black "Sargsyan, Anna M."]
[Result "0-1"]
[ECO "C54"]
[WhiteElo "1839"]
[BlackElo "2378"]
[Annotator "RC"]
[PlyCount "82"]
[EventDate "2022.07.29"]
[EventType "team-tourn"]
[EventCountry "IND"]
[SourceTitle "playchess.com"]
[Source "ChessBase"]
[SourceQuality "1"]
[WhiteTeam "Indonesia"]
[BlackTeam "Armenia"]
[WhiteTeamCountry "INA"]
[BlackTeamCountry "ARM"]
[TimeControl "40/5400+30:1800+30"]

1. e4 e5 2. Nf3 Nc6 3. Bc4 Bc5 4. c3 Nf6 5. d3 d6 6. O-O h6 7. Be3 Bb6 8. Nbd2 g5 9. Bb3 g4 10. Ne1 Ne7 11. d4 Ng6 12. Nd3 Qe7 13. Re1 Bd7 14. a4 a6 15. a5 Ba7 16. Ba4 c6 17. dxe5 dxe5 18. Bxa7 Rxa7 19. Qe2 Ra8 20. Qe3 Rd8 21. Rad1 h5 22. Nc5 g3 23. f3 gxh2+ 24. Kh1 Bc8 25. Nc4 Kf8 26. Rxd8+ Qxd8 27. Rd1 Qe7 28. b4 h4 29. Nd6 Kg7 30. Bb3 Nf4 31. Nxf7 Rf8 32. Nd6 N6h5 33. Nxc8 Rxc8 34. Kxh2 Qg5 35. Qf2 Kh8 36. Rd7 Rf8 37. Nxb7 Nf6 38. Rf7 Rxf7 39. Bxf7 Nd3 40. Qe2 Qg3+ 41. Kg1 h3 0-1

[Event "44th Chess Olympiad Women 2022"]
[Site "Chennai"]
[Date "2022.08.02"]
[Round "5.9"]
[White "Hoang, Thanh Trang"]
[Black "Cramling, Pia"]
[Result "1/2-1/2"]
[ECO "E04"]
[WhiteElo "2376"]
[BlackElo "2459"]
[Annotator "RC"]
[PlyCount "167"]
[EventDate "2022.07.29"]
[EventType "team-tourn"]
[EventCountry "IND"]
[SourceTitle "playchess.com"]
[Source "ChessBase"]
[SourceQuality "1"]
[WhiteTeam "Hungary"]
[BlackTeam "Sweden"]
[WhiteTeamCountry "HUN"]
[BlackTeamCountry "SWE"]
[TimeControl "40/5400+30:1800+30"]

1. d4 Nf6 2. Nf3 d5 3. c4 e6 4. g3 dxc4 5. Bg2 c5 6. O-O Nc6 7. Qa4 Bd7 8. Qxc4 b5 9. Qd3 c4 10. Qd1 Rc8 11. b3 cxb3 12. axb3 Bb4 13. Bb2 O-O 14. Ne5 Qb6 15. Nxd7 Nxd7 16. d5 exd5 17. Qxd5 Nc5 18. Qg5 Ne6 19. Qg4 a5 20. Bd5 Ncd8 21. Qf5 Rc5 22. Rd1 Qd6 23. Na3 Nc6 24. Nxb5 Qb8 25. Na3 Ne7 26. Qe4 Nxd5 27. Rxd5 Rxd5 28. Qxd5 Rd8 29. Qf3 h6 30. Nc4 Qc7 31. Rc1 Ng5 32. Qf5 Qb7 33. h4 Qe4 34. Qxe4 Nxe4 35. Kg2 Rd5 36. Ba3 Nc3 37. e3 Rd3 38. Bxb4 axb4 39. Rc2 Ne4 40. Na5 Rc3 41. Rb2 Nc5 42. Kf3 h5 43. Ke2 Nd3 44. Rd2 Nc1+ 45. Kd1 Nxb3 46. Nxb3 Rxb3 47. Kc2 Ra3 48. Kb2 g6 49. Rd4 Ra4 50. Kb3 Ra3+ 51. Kb2 Ra4 52. Kb3 Ra3+ 53. Kxb4 Ra2 54. Rf4 Rc2 55. Kb3 Re2 56. Kc3 Kg7 57. Kd3 Ra2 58. Ke4 Kf8 59. Kf3 Ke7 60. Rb4 Ke6 61. Rb6+ Ke5 62. Rb7 Ke6 63. e4 Kf6 64. Ke3 Rc2 65. f3 Rg2 66. Kf4 Rg1 67. Rb6+ Ke7 68. g4 hxg4 69. fxg4 Rh1 70. Kg5 Rg1 71. Rb3 Ke6 72. Rf3 Ke7 73. Rf4 Rh1 74. Rf6 Re1 75. Rf4 Rh1 76. e5 Re1 77. Kh6 Kf8 78. h5 gxh5 79. g5 Rxe5 80. g6 Kg8 81. Rxf7 Re8 82. Rg7+ Kh8 83. Rh7+ Kg8 84. Rg7+ 1/2-1/2

[Event "44th Chess Olympiad Women 2022"]
[Site "Chennai"]
[Date "2022.08.02"]
[Round "5.9"]
[White "Lazarne Vajda, Szidonia"]
[Black "Cramling Bellon, Anna"]
[Result "1-0"]
[ECO "E01"]
[WhiteElo "2313"]
[BlackElo "2065"]
[Annotator "RC"]
[PlyCount "77"]
[EventDate "2022.07.29"]
[EventType "team-tourn"]
[EventCountry "IND"]
[SourceTitle "playchess.com"]
[Source "ChessBase"]
[SourceQuality "1"]
[WhiteTeam "Hungary"]
[BlackTeam "Sweden"]
[WhiteTeamCountry "HUN"]
[BlackTeamCountry "SWE"]
[TimeControl "40/5400+30:1800+30"]

1. d4 d5 2. Nf3 Nf6 3. c4 e6 4. g3 Bb4+ 5. Bd2 Bd6 6. Nc3 c6 7. Qc2 Nbd7 8. e4 Nxe4 9. Nxe4 dxe4 10. Qxe4 Nf6 11. Qc2 c5 12. dxc5 Bxc5 13. b4 Be7 14. Bg2 O-O 15. O-O Bd7 16. Ne5 Qc7 17. Nxd7 Nxd7 18. Rac1 Rac8 19. c5 a6 20. Qe4 b5 21. Rfd1 Rfd8 22. Qb7 g5 23. Qxa6 Rb8 24. a4 bxa4 25. Qxa4 Ne5 26. Bc3 g4 27. Bxe5 Qxe5 28. c6 Rdc8 29. Rb1 Rb5 30. Bf1 Rd5 31. b5 h5 32. Rxd5 Qxd5 33. b6 Bd6 34. c7 Bxc7 35. bxc7 Rxc7 36. Qe8+ Kg7 37. Rb8 f5 38. Qh8+ Kf7 39. Qh7+ 1-0

[Event "44th Chess Olympiad Women 2022"]
[Site "Chennai"]
[Date "2022.08.02"]
[Round "5.9"]
[White "Agrest, Inna"]
[Black "Gara, Ticia"]
[Result "0-1"]
[ECO "B12"]
[WhiteElo "2217"]
[BlackElo "2367"]
[Annotator "RC"]
[PlyCount "76"]
[EventDate "2022.07.29"]
[EventType "team-tourn"]
[EventCountry "IND"]
[SourceTitle "playchess.com"]
[Source "ChessBase"]
[SourceQuality "1"]
[WhiteTeam "Sweden"]
[BlackTeam "Hungary"]
[WhiteTeamCountry "SWE"]
[BlackTeamCountry "HUN"]
[TimeControl "40/5400+30:1800+30"]

1. e4 c6 2. d4 d5 3. e5 Bf5 4. g4 Be4 5. f3 Bg6 6. e6 fxe6 7. Bd3 Bxd3 8. Qxd3 Qd6 9. f4 Nf6 10. g5 Nh5 11. Ne2 Nd7 12. Be3 g6 13. Nd2 Bg7 14. O-O-O b5 15. Rdf1 O-O 16. c3 c5 17. Nf3 b4 18. cxb4 cxd4 19. Bd2 e5 20. fxe5 Nxe5 21. Nxe5 Qxe5 22. Kb1 Qe4 23. Nc1 e5 24. b5 Rac8 25. Rxf8+ Bxf8 26. Qxe4 dxe4 27. Re1 e3 28. Ba5 Nf4 29. a4 Bc5 30. Nb3 Be7 31. h4 Ng2 32. Re2 Nxh4 33. b6 axb6 34. Bxb6 Bxg5 35. Nc1 Nf3 36. Nd3 e4 37. Nc5 d3 38. Rg2 d2 0-1